 Dungeon Crawl Stone Soup version 0.30.0-16-gbe6223bb7e (webtiles) character file.

Game seed: 5197566568086828990

310 minhee2137 the Conjurer (level 5, 0/40 HPs)
             Began as a Demigod Conjurer on May 21, 2023.
             Slain by a black bear (6 damage)
             ... on level 5 of the Dungeon.
             The game lasted 00:23:54 (4078 turns).

minhee2137 the Conjurer (Demigod Conjurer)          Turns: 4078, Time: 00:23:55

Health: 0/40       AC:  2    Str:  8    XL:     5   Next: 95%
Magic:  14/21      EV: 12    Int: 24    God:
Gold:   368        SH:  0    Dex: 12    Spells: 3/10 levels left

rFire   . . .        r - +2 short sword (speed)
rCold   + . .        (no shield)
rNeg    . . .        a - +0 robe
rPois   .            (no helmet)
rElec   .            (no cloak)
rCorr   .            (no gloves)
SInv    .            (no boots)
Will    .....        o - amulet of faith
Stlth   ++           l - ring of magical power
HPRegen 0.26/turn    p - ring of wizardry
MPRegen 0.17/turn

%: faith, wizardry (x1)
@: very slightly contaminated
A: high MP 1, forlorn, divine attributes, talons 1, cold resistance 1
a: no special abilities


You were on level 5 of the Dungeon.
You visited 1 branch of the dungeon, and saw 5 of its levels.

You collected 1328 gold pieces.
You spent 960 gold pieces at shops.

Inventory:

Hand Weapons
 d - a +0 hand axe
 e - a +0 short sword
 f - a +0 short sword
 g - a +0 shortbow
 q - a +0 morningstar
 r - a +2 short sword of speed (weapon)
Armour
 a - a +0 robe (worn)
Magical Staves
 j - a staff of poison
Jewellery
 l - a ring of magical power (left hand)
 o - an amulet of faith (around neck)
 p - a ring of wizardry (right hand)
Wands
 b - a wand of flame (16)
Scrolls
 h - 3 scrolls of magic mapping
 n - 3 scrolls of identify
Potions
 c - a potion of lignification
 i - a potion of brilliance
 k - a potion of curing
Miscellaneous
 m - a lightning rod (1/4)


   Skills:
 + Level 1.1 Fighting
 + Level 0.7 Short Blades
 + Level 0.2 Ranged Weapons
 + Level 2.5 Dodging
 + Level 2.2 Stealth
 + Level 0.4 Unarmed Combat
 + Level 3.1 Spellcasting
 + Level 5.1 Conjurations
 + Level 0.4 Evocations


You had 3 spell levels left.
You knew the following spells:

 Your Spells              Type           Power      Damage    Failure   Level
a - Magic Dart            Conj           100%       1d8       1%          1
b - Searing Ray           Conj           56%        2d6       1%          2
c - Iskenderun's Mystic   Conj/Tloc      16%        2d5       16%         4

Your spell library contained the following spells:

 Spells                   Type           Power      Damage    Failure   Level
 Dazzling Flash           Conj/Hex       32%        N/A       4%          3
 Fulminant Prism          Conj/Hex       8%         3d7       16%         4


Dungeon Overview and Level Annotations

Branches:
Dungeon (5/15)
 Temple: D:4-7

Shops:
D:2 *


Innate Abilities, Weirdness & Mutations

You have an increased reservoir of magic. (+10% MP)
You shall have no god before yourself.
Your divine heritage dramatically boosts your attributes as you level up.
You have sharp toenails.
Your flesh is cold resistant. (rC+)


Message History

The black bear is moderately wounded. (Press . to maintain the ray.)
The black bear closely misses you.
The black bear claws you but does no damage.
The black bear claws you. The black bear closely misses you.
The black bear claws you but does no damage.
The black bear claws you.
Aiming: Searing Ray (safe; 1% risk of failure)
Press: ? - help, Q - select action, (/) - cycle Shift-Dir - straight line, f/p - black bear
Aim: a black bear (moderately wounded, 85% to hit)
The searing ray hits the black bear!
The black bear is severely wounded. (Press . to maintain the ray.)
The black bear closely misses you. The black bear claws you. x2
The black bear goes berserk!
The black bear barely misses you. The black bear closely misses you.
The black bear claws you. The orc barely misses you.
Casting: Iskenderun's Mystic Blast (quite dangerous; 16% risk of failure)
Press: ? - help, Q - select action, (/) - cycle Dir - look around, f - activate You miscast Iskenderun's Mystic Blast.
You are very lightly contaminated with residual magic.
Nothing appears to happen.
The black bear barely misses you. The black bear claws you.
The black bear closely misses you. The black bear bites you.
The black bear barely misses you. The black bear claws you!
* * * LOW HITPOINT WARNING * * *
The orc closely misses you.
You feel better. The black bear closely misses you. The black bear claws you.
The black bear claws you!
* * * LOW HITPOINT WARNING * * *
The orc barely misses you.
The black bear attacks as you move away!
The black bear bites you but does no damage.
The black bear misses you. The black bear claws you.
* * * LOW HITPOINT WARNING * * *
The black bear bites you.
* * * LOW HITPOINT WARNING * * *
The black bear claws you.
You die...

####### #.@h<.#
.......o.........
.........$.......
.................
#+##.......##...#
#.......# ####
#.........
#..........


You could see a black bear (berserk) and an orc.

Vanquished Creatures
  3 orc priests (D:4)
  A hound (D:4)
  Ijyb (D:3)
  A scorpion zombie (D:3)
  Jessica (D:2)
  An adder (D:4)
  An adder zombie (D:3)
  A worm (D:3)
  4 dart slugs
  7 orcs
  3 bats
  10 endoplasms
  3 giant cockroaches
  7 goblins
  4 hobgoblins
  7 jackals
  5 kobolds
  2 quokkas
  9 ball pythons
  A ball python zombie (D:3)
  A frilled lizard (D:3)
  5 rats
  A spectral orc (D:4)
79 creatures vanquished.

Vanquished Creatures (others)
  An endoplasm (D:3)
1 creature vanquished.

Grand Total: 80 creatures vanquished

Notes
Turn   | Place    | Note
-------+----------+-------------------------------------------
     0 | D:1      | minhee2137 the Demigod Conjurer began the quest for the
                  | Orb.
     0 | D:1      | Reached XP level 1. HP: 14/14 MP: 5/5
   192 | D:1      | Reached skill level 4 in Conjurations
   216 | D:1      | Reached XP level 2. HP: 12/20 MP: 1/7
   326 | D:1      | Learned a level 2 spell: Searing Ray
   819 | D:2      | Reached XP level 3. HP: 26/26 MP: 6/8
  1002 | D:2      | Noticed Jessica
  1017 | D:2      | Killed Jessica
  1028 | D:2      | Found Fisaq's Assorted Antiques.
  1580 | D:2      | Reached XP level 4. HP: 33/33 MP: 10/10
  1804 | D:2      | Gained mutation: You are weak. (Str -2) [potion of
                  | mutation]
  1804 | D:2      | Gained mutation: You have a pair of small horns on your
                  | head. [potion of mutation]
  1804 | D:2      | Gained mutation: You have sharp toenails. [potion of
                  | mutation]
  2057 | D:3      | Noticed Ijyb
  2079 | D:3      | Killed Ijyb
  2406 | D:3      | Identified a scroll of acquirement
  2406 | D:3      | Acquired 1103 gold pieces
  2644 | D:2      | Bought a lightning rod (4/4) for 960 gold pieces
  2903 | D:4      | Reached XP level 5. HP: 27/39 MP: 12/12
  2917 | D:4      | Reached skill level 1 in Fighting
  2917 | D:4      | Reached skill level 5 in Conjurations
  3141 | D:4      | Lost mutation: You are weak. (Str -2) [potion of mutation]
  3141 | D:4      | Lost mutation: You have sharp toenails. [potion of
                  | mutation]
  3141 | D:4      | Lost mutation: You have a pair of small horns on your head.
                  | [potion of mutation]
  3141 | D:4      | Gained mutation: Your flesh is cold resistant. (rC+)
                  | [potion of mutation]
  3141 | D:4      | Gained mutation: You have sharp toenails. [potion of
                  | mutation]
  3175 | D:4      | Learned a level 4 spell: Iskenderun's Mystic Blast
  4070 | D:5      | Entered Level 5 of the Dungeon
  4070 | D:5      | Noticed a black bear
  4078 | D:5      | Slain by a black bear

Illustrated notes

Levels and vault maps discovered:
D:1:      eino_arrival_water_star, layout_loops_ring
D:2:      layout_basic, serial_shops, nicolae_shop_tiny_waterfront,
          serial_forest, infiniplex_forest_end_2,
          infiniplex_forest_clump_medium, infiniplex_forest_clump_C,
          infiniplex_forest_straight_2, infiniplex_forest_lined_room_3,
          infiniplex_forest_lined_3_way, uniq_jessica
D:3:      layout_rooms, nicolae_yredelemnul_corpse_copse,
          nicolae_ru_sacrificial_ziggurat, serial_aquarium,
          aquarium_bridge_straight [aquarium_subvault_bridge,
          aquarium_subvault_wall, aquarium_subvault_bridge,
          aquarium_subvault_window], aquarium_window_2, aquarium_window_2,
          aquarium_window_corridor_2, aquarium_view_2b, aquarium_view_2f,
          aquarium_balcony_3a, minmay_misc_feat_tower, uniq_ijyb
D:4:      layout_basic, nicolae_hepliaklqana_monster_ancestors,
          amethyst_overflow_temple_binary, mainiacjoe_overflow_cross_hatched,
          fountainhead
D:5:      layout_gridville, serial_shops, shop

Skill      XL: |  1  2  3  4  5 |
---------------+----------------+-----
Conjurations   | 4 5 |  5.1
Spellcasting   | 2 3 |  3.1
Dodging        | 2 |  2.5
Stealth        | 2 |  2.2
Fighting       | 1 |  1.1
Short Blades   | |  0.7
Ranged Weapons | |  0.2
Unarmed Combat | |  0.4
Evocations     | |  0.4

Action                     |  1- 3 |  4- 6 || total
---------------------------+-------+-------++-------
  Melee: Unarmed           |     5 |       ||     5
         Hand axe          |     5 |       ||     5
         Punch             |     1 |     1 ||     2
         Short sword       |    26 |    46 ||    72
         Staff             |     2 |       ||     2
         Kick              |       |    17 ||    17
         Headbutt          |       |     9 ||     9
   Fire: Shortbow          |     9 |       ||     9
   Cast: Magic Dart        |    49 |    45 ||    94
         Searing Ray       |    10 |    26 ||    36
         Iskenderun's Myst |       |     1 ||     1
  Evoke: Wand              |       |     4 ||     4
         Lightning rod     |       |     5 ||     5
    Use: Potion            |     6 |     7 ||    13
         Scroll            |     4 |     6 ||    10
 Armour: Robe              |    20 |    14 ||    34
  Dodge: Dodged            |    51 |    71 ||   122
